Cogmind - Beta 9.4 @@@ ROGUE MODE // 2020.03.11 @ 22:52:59 Player: Nalzok Result: Destroyed by S-27 Virus with Autogun Performance ------------- Evolutions (1) 500 Regions Visited (5) 1000 Robots Destroyed (25) 125 Value Destroyed (786) 786 Prototype IDs (2) 40 Alien Tech Used (0) 0 Bonus (842) 842 TOTAL SCORE: 3293 Bonus ------- Follower Combat Kills 368 Met Imprinter 300 Was Imprinted 300 Friendly Fire -126 Cogmind --------- Core Integrity 0/400 Matter 266/300 Energy 90/100 System Corruption 0% Temperature Cool (358) Movement Core (150) Ox2 Location -6/Proximity Caves Parts ------- > --- POWER (1) -------- (None) > --- PROPULSION (4) --- (None) > --- UTILITY (2) ------ (None) > --- WEAPON (2) ------- Gauss Cannon > --- INVENTORY (4) ---- Small Storage Unit Mobile Refinery Mk. CCLXVII Phasing Sabre Phasing Sabre Peak State ------------ > --- POWER ------------ Micro Fission Core > --- PROPULSION ------- Advanced Treads Advanced Treads Advanced Treads Improved Medium Treads > --- UTILITY ---------- Small Storage Unit Improved Sensor Array > --- WEAPON ----------- Plasma Rifle Precision Grenade Launcher > --- INVENTORY -------- Mobile Refinery Mk. CCLXVII Heavy Riot Gun Plasma Cannon Gauss Cannon Phasing Sabre Phasing Sabre [Rating: 36] Favorites ----------- Power Light Nuclear Core Engine Ion Engine Power Core Light Nuclear Core Propulsion Advanced Treads Treads Advanced Treads Leg Aluminum Leg Hover Unit Hover Unit Flight Unit Flight Unit Utility Small Storage Unit Device Improved Sensor Array Storage Small Storage Unit Weapon Ion Cannon Energy Gun Riot Gun Energy Cannon Ion Cannon Ballistic Gun Assault Rifle Ballistic Cannon Gauss Cannon Launcher Precision Grenade Launcher Impact Weapon Maul Slashing Weapon Phasing Sabre Build | -11 -10 -9 -9 -7 -6 ------- Run | Scr Mat Mat Min Zio Pro Slots Evolved 2 | . . 2 . . . Power . | . . . . . . Propulsion 2 | . . 2 . . . Utility . | . . . . . . Weapon . | . . . . . . Parts Attached 41 | . 2 16 2 9 12 Power 6 | . . 2 1 . 3 Engine 4 | . . 2 . . 2 Core 2 | . . . 1 . 1 Reactor . | . . . . . . Propulsion 8 | . 1 5 . . 2 Treads 6 | . . 4 . . 2 Leg . | . . . . . . Wheel . | . . . . . . Hover 1 | . 1 . . . . Flight 1 | . . 1 . . . Utility 6 | . . 2 . 2 2 Device 5 | . . 1 . 2 2 Storage 1 | . . 1 . . . Processor . | . . . . . . Hackware . | . . . . . . Protection . | . . . . . . Artifact . | . . . . . . Weapon 21 | . 1 7 1 7 5 Energy Gun 11 | . 1 5 1 2 2 Energy Cannon 4 | . . 1 . 2 1 Ballistic Gun . | . . . . . . Ballistic Cannon 2 | . . . . 1 1 Launcher 2 | . . . . 1 1 Special Weapon . | . . . . . . Impact Weapon 1 | . . 1 . . . Slashing Weapon 1 | . . . . 1 . Piercing Weapon . | . . . . . . Special Melee Weapon . | . . . . . . Unidentified Prototypes 2 | . . . . 2 . Parts Lost 19 | . 5 4 . . 10 Power 3 | . 1 1 . . 1 Propulsion 6 | . 1 1 . . 4 Utility 1 | . . . . . 1 Weapon 9 | . 3 2 . . 4 Highest Loss Streak 7 | . 3 2 . . 7 Average Slot Usage (%) 90 | . 76 40 100 100 96 Engine 2 | . 11 4 2 . 5 Core 7 | . . . 8 11 5 Treads 35 | . . 4 44 44 41 Leg 2 | . 26 . . . . Device 9 | . . 3 11 11 10 Storage 10 | . 14 8 11 11 11 Energy Gun 10 | . 12 8 21 9 10 Energy Cannon 6 | . . 1 . 10 2 Ballistic Cannon 1 | . . . . 2 . Launcher 1 | . . . . . 7 Naked Turns . | . . . . . . Heaviest Build 29 | 13 13 19 19 24 29 Greatest Support 96 | 20 20 88 88 88 96 Greatest Overweight (x) 4 | . . 4 . . . Average Overweight (x) . | . . 1 . . . Largest Inventory Capacity 6 | 6 6 6 6 6 6 Average Capacity 5 | 6 6 5 6 6 6 Most Carried 6 | 5 3 6 6 6 6 Average Carried 5 | 3 2 4 6 5 5 Final Capacity 6 | 6 6 6 6 6 4 Final Carried 6 | 2 3 6 6 6 4 Class Distribution -------------------- 59% | Mutant 40% | Messiah-Mutant Dominant Class ---------------- Mutant | -10/Materials Mutant | -9/Materials Mutant | -9/Mines Mutant | -7/Zion Messiah-Mutant | -6/Proximity Caves Resources | -11 -10 -9 -9 -7 -6 ----------- Run | Scr Mat Mat Min Zio Pro Matter Collected 640 | 174 54 140 20 67 185 Remotely . | . . . . . . Salvage Created 857 | . 93 168 142 . 454 Parts 42 | . 8 13 8 . 13 Haulers Intercepted . | . . . . . . Recyclers Shooed . | . . . . . . Parts Field Recycled . | . . . . . . Retrieved Matter . | . . . . . . Parts Self-Destructed 18 | . . . . . 18 Prevented 6 | . . . . . 6 Kills | -11 -10 -9 -9 -7 -6 ------- Run | Scr Mat Mat Min Zio Pro Combat Hostiles Destroyed 19 | . 2 4 3 . 10 Guns 8 | . 2 1 3 . 2 Cannons 2 | . . 1 . . 1 AOE 9 | . . 2 . . 7 Classes Destroyed 9 | . 3 4 . . 2 Worker 2 | . . 1 1 . . Builder 1 | . . 1 . . . Operator 2 | . 2 . . . . Watcher 1 | . . 1 . . . Swarmer 4 | . 1 3 . . . Grunt 10 | . 1 . 3 . 6 Brawler 2 | . . . . . 2 Duelist 1 | . . . . . 1 Sentry 2 | . . 1 . . 1 Best Kill Streak 6 | . 2 5 3 . 6 Combat Bots Only 6 | . 1 3 2 . 6 Max Kills in Single Turn 3 | . 1 3 2 . 3 Gunslinging . | . . . . . . Exploded 3 | . . 2 . . 3 Melee . | . . . . . . Uniques/NPCs Destroyed . | . . . . . . Combat | -11 -10 -9 -9 -7 -6 -------- Run | Scr Mat Mat Min Zio Pro Damage Taken 2878 | . 588 385 246 . 1659 Core 534 | . 129 124 47 . 234 Absorbed by Shields . | . . . . . . Core Remaining (%) 74 | 100 48 . . . . Volleys Fired 63 | . 16 6 11 . 30 Largest 2 | . 2 2 2 . 2 Hottest 140 | . 60 105 90 . 140 Shots Fired 101 | . 25 11 22 . 43 Gun 77 | . 25 10 22 . 20 Cannon 18 | . . 1 . . 17 Launcher 6 | . . . . . 6 Special . | . . . . . . Kinetic 18 | . 10 . . . 8 Thermal 17 | . 6 1 . . 10 Explosive 6 | . . . . . 6 Electromagnetic 60 | . 9 10 22 . 19 Robot Hit Streak 14 | . 8 7 11 . 14 Robot Miss Streak 4 | . 3 1 2 . 4 Penetration Max . | . . . . . . Secondary Targets . | . . . . . . Shots Hit Robots 79 | . 17 15 18 . 29 Core Hits 61 | . 7 8 11 . 35 Critical Hits 1 | . . . . . 1 Critical Kills . | . . . . . . Critical Parts Destroyed 1 | . . . . . 1 Melee Attacks 9 | . . 9 . . . Impact 9 | . . 9 . . . Slashing . | . . . . . . Piercing . | . . . . . . Sneak Attacks . | . . . . . . Combat Hostiles . | . . . . . . Follow-up Attacks . | . . . . . . Damage Inflicted 2436 | . 254 416 252 . 1514 Guns 921 | . 254 111 252 . 304 Cannons 219 | . . 23 . . 196 Explosions 1160 | . . 146 . . 1014 Melee 135 | . . 135 . . . Ramming 1 | . . 1 . . . Kinetic 123 | . 99 . . . 24 Thermal 395 | . 33 169 . . 193 Explosive 1014 | . . . . . 1014 Electromagnetic 768 | . 122 111 252 . 283 Impact 135 | . . 135 . . . Slashing . | . . . . . . Piercing . | . . . . . . Highest Corruption . | . . . . . . Average Corruption . | . . . . . . Corruption Purged . | . . . . . . Overload Shots . | . . . . . . Overflow Damage 86 | . . 44 . . 42 Projectiles . | . . . . . . Explosions 63 | . . 21 . . 42 Melee 23 | . . 23 . . . Knockbacks 2 | . . 1 . . 1 Impact 1 | . . 1 . . . Kinetic 1 | . . . . . 1 Secondary . | . . . . . . Self-Inflicted Damage 25 | . . . . . 25 Shots 1 | . . . . . 1 Rammed 1 | . . 1 . . . Targets Rammed 1 | . . 1 . . . Kicked . | . . . . . . Crushed . | . . . . . . Highest Temperature 390 | . 18 36 171 . 390 Average Temperature 106 | . 12 10 76 . 146 Received Heat Transfer 738 | . 159 144 135 . 300 Siege Activations . | . . . . . . Robots Corrupted . | . . . . . . Combat Hostiles . | . . . . . . Parts Fried 3 | . . 3 . . . Impact Corruptions 2 | . . 2 . . . Robots Melted . | . . . . . . Combat Hostiles . | . . . . . . Parts Melted . | . . . . . . Heat Transferred 662 | . 75 187 . . 400 Parts Sabotaged . | . . . . . . Parts Stolen . | . . . . . . Parts Stripped . | . . . . . . Power Chain Reactions 1 | . . 1 . . . Missiles Intercepted . | . . . . . . Alert | -11 -10 -9 -9 -7 -6 ------- Run | Scr Mat Mat Min Zio Pro Peak Influence 127 | . 105 127 120 . . Average Influence 56 | . 64 48 64 . . Maximum Alert Level . | . . . . . . Low Security (%) 100 | 100 100 100 100 . . Level 1 . | . . . . . . Level 2 . | . . . . . . Level 3 . | . . . . . . Level 4 . | . . . . . . Level 5 . | . . . . . . High Security . | . . . . . . Max Security . | . . . . . . Squads Dispatched 6 | . 4 . 1 . 1 Investigation 1 | . 1 . . . . Extermination . | . . . . . . Reinforcement 3 | . 3 . . . . Assault 2 | . . . 1 . 1 Garrison . | . . . . . . Intercept . | . . . . . . Construction Impeded . | . . . . . . Haulers Reinforced . | . . . . . . Stealth | -11 -10 -9 -9 -7 -6 --------- Run | Scr Mat Mat Min Zio Pro Distress Signals 2 | . 2 . . . . Communications Jammed . | . . . . . . Distress Signals . | . . . . . . Times Spotted 64 | . 22 11 6 . 25 Peak Tracking Total 10 | . 9 5 4 . 10 Tactical Retreats 11 | . 4 4 . . 3 Traps | -11 -10 -9 -9 -7 -6 ------- Run | Scr Mat Mat Min Zio Pro Traps Triggered . | . . . . . . Indirectly . | . . . . . . Trap Hack Attempts . | . . . . . . Triggered . | . . . . . . Disarmed . | . . . . . . Reprogrammed . | . . . . . . Reused . | . . . . . . Traps Extracted . | . . . . . . Installed . | . . . . . . Triggered 1 | . 1 . . . . Machines | -11 -10 -9 -9 -7 -6 ---------- Run | Scr Mat Mat Min Zio Pro Machines Disabled . | . . . . . . Max in Single Turn . | . . . . . . Machines Sabotaged . | . . . . . . Garrisons Compromised . | . . . . . . Overloaded Fab Kills . | . . . . . . Fab Network Shutdowns . | . . . . . . Hacking | -11 -10 -9 -9 -7 -6 --------- Run | Scr Mat Mat Min Zio Pro Machines Accessed 4 | . 2 . 1 1 . Terminals 3 | . 2 . 1 . . Fabricators . | . . . . . . Repair Stations . | . . . . . . Recycling Units . | . . . . . . Scanalyzers . | . . . . . . Garrison Access . | . . . . . . Total Hacks 6 | . 2 . 1 3 . Successful 4 | . 1 . . 3 . Failed 2 | . 1 . 1 . . Catastrophic . | . . . . . . Database Lockouts . | . . . . . . Manual . | . . . . . . Terminals 3 | . 2 . 1 . . Fabricators . | . . . . . . Repair Stations . | . . . . . . Recycling Units . | . . . . . . Scanalyzers . | . . . . . . Garrison Access . | . . . . . . Terminal Hacks 4 | . 1 . . 3 . Part Schematic 3 | . . . . 3 . Emergency Access Points 1 | . 1 . . . . Fabricator Hacks . | . . . . . . Repair Station Hacks . | . . . . . . Recycling Unit Hacks . | . . . . . . Scanalyzer . | . . . . . . Garrison Access Hacks . | . . . . . . Unauthorized Hacks . | . . . . . . Terminals . | . . . . . . Fabricators . | . . . . . . Repair Stations . | . . . . . . Recycling Units . | . . . . . . Scanalyzers . | . . . . . . Garrison Access . | . . . . . . Data Cores Recovered 1 | . 1 . . . . Used . | . . . . . . Hacking Detections . | . . . . . . Full Trace Events . | . . . . . . Feedback Events . | . . . . . . Feedback Blocked . | . . . . . . Robot Schematics Acquired . | . . . . . . Robots Built . | . . . . . . Matter . | . . . . . . Time . | . . . . . . Total Robot Build Rating . | . . . . . . Part Schematics Acquired 3 | . . . . 3 . Parts Built . | . . . . . . Matter . | . . . . . . Time . | . . . . . . Total Part Build Rating . | . . . . . . Parts Repaired . | . . . . . . Time . | . . . . . . Parts Recycled . | . . . . . . Recycled Matter . | . . . . . . Retrieved Matter . | . . . . . . Retrieved Components . | . . . . . . Parts Scanalyzed . | . . . . . . Part Schematics Acquired . | . . . . . . Parts Damaged . | . . . . . . Bothacking | -11 -10 -9 -9 -7 -6 ------------ Run | Scr Mat Mat Min Zio Pro Used RIF Installer . | . . . . . . Robots Hacked . | . . . . . . Non-combat . | . . . . . . Combat . | . . . . . . Robot Hacks Applied . | . . . . . . Relay Couplers Released . | . . . . . . Robots Rewired 2 | . . . . . 2 Allies Hacked . | . . . . . . Hacks Repelled . | . . . . . . Allies | -11 -10 -9 -9 -7 -6 -------- Run | Scr Mat Mat Min Zio Pro Total Allies 7 | . . . 1 4 2 Largest Group 6 | . . . 1 5 6 Highest-Rated Group 208 | . . . 31 184 208 Highest-Rated Ally 39 | . . . 31 39 39 Total Orders . | . . . . . . Ally Attacks 50 | . . . 7 . 43 Total Damage 1556 | . . . 131 . 1425 Kills 11 | . . . 2 . 9 Allies Corrupted 1 | . . . . . 1 Allies Melted . | . . . . . . Intel | -11 -10 -9 -9 -7 -6 ------- Run | Scr Mat Mat Min Zio Pro Robot Analysis Total . | . . . . . . Derelict Logs Recovered 1 | . . . . 1 . Drone Launches . | . . . . . . Drone Recoveries . | . . . . . . Exploration | -11 -10 -9 -9 -7 -6 ------------- Run | Scr Mat Mat Min Zio Pro Turns Passed 3649 | 3 277 434 247 1981 707 Spaces Moved 2314 | 1 199 243 146 1342 383 Core 135 | . . 135 . . . Treads 1900 | . . 29 146 1342 383 Legs 189 | 1 188 . . . . Wheels . | . . . . . . Hover 78 | . 11 67 . . . Flight 12 | . . 12 . . . Fastest Speed 60 | 120 60 60 145 145 145 Average Speed 143 | 120 116 144 145 145 151 Slowest Speed 280 | 120 120 280 145 145 155 Overloaded Moves . | . . . . . . Propulsion Burnouts . | . . . . . . Robots Hopped . | . . . . . . Cave-ins Triggered . | . . . . . . Exploration Rate (%) 42 | 1 53 18 50 89 46 Regions Visited 5 Branch Regions 3 Pre-discovered Areas 1 | . . . . 1 . Known Exits Taken . | . . . . . . Unknown Exits Taken 5 | 1 1 1 1 1 . Scrap Searched 6 | . . . 1 1 4 Spaces Dug . | . . . . . . Terrain Destroyed 34 | . . 2 . . 32 Melee . | . . . . . . Projectile 1 | . . . . . 1 AOE 33 | . . 2 . . 31 Actions | -11 -10 -9 -9 -7 -6 --------- Run | Scr Mat Mat Min Zio Pro Total 2525 | 4 218 296 159 1379 469 Wait 21 | . . 2 . 9 10 Move 2309 | . 198 242 145 1341 383 Hop . | . . . . . . Pick Up 21 | . 1 11 . 8 1 Fast Attach 21 | . 1 10 1 3 6 Attach 8 | . 1 4 . . 3 Detach 4 | . 1 2 . . 1 Swap 12 | . . 2 1 6 3 Drop 33 | 4 . 7 1 12 9 Fire 63 | . 16 6 11 . 30 Melee 9 | . . 9 . . . Ram 1 | . . 1 . . . Kick . | . . . . . . Crush . | . . . . . . Escape Stasis . | . . . . . . Rewire 23 | . . . . . 23 Trap . | . . . . . . Miscellaneous . | . . . . . . Route ------- -11/Scrapyard -10/Materials -9/Materials -9/Mines (discovered 2 exits: [*Mat] / *Zio) -7/Zion -6/Proximity Caves History --------- Turn | Location | Event 4 | -11/Scrapyard | Discovered new exit (range 0) 4 | -11/Scrapyard | Entered Materials 258 | -10/Materials | Lost 3 parts (1p2w) 276 | -10/Materials | Core integrity fell below 50% 276 | -10/Materials | Discovered new exit (range 7) 281 | -10/Materials | Entered another Materials area 281 | -9/Materials | Evolved 2 slots: Propulsion x2 349 | -9/Materials | Build established: Mutant 566 | -9/Materials | Discovered new exit (range 12) 715 | -9/Materials | Entered Mines 757 | -9/Mines | Met a Derelict bent on vengeance 796 | -9/Mines | Met a Derelict testing a Signal Generator 943 | -9/Mines | A Derelict revealed a hidden shortcut to a safe place 954 | -9/Mines | Discovered new exit (range 10) 962 | -9/Mines | Entered Zion 962 | -7/Zion | Accompanied by 1 ally 1032 | -7/Zion | Learned Factory terminal intel 1168 | -7/Zion | Acquired unknown access codes intercepted by a Zionite 1195 | -7/Zion | Learned Factory terminal intel 1420 | -7/Zion | Learned location of Quarantine (-3) 1640 | -7/Zion | Visited the Megawrench Repair Shop 1858 | -7/Zion | Found Prototype Device 1859 | -7/Zion | Identified Mobile Refinery Mk. CCLXVII 2168 | -7/Zion | Imprinted 2170 | -7/Zion | Declared Zion's savior 2447 | -7/Zion | Megawrench repaired 8 parts 2464 | -7/Zion | Build established: Messiah-Mutant 2704 | -7/Zion | Given A8's code to call for help 2790 | -7/Zion | Discovered new exit (range 10) 2943 | -7/Zion | Entered Proximity Caves 2943 | -6/Proximity Caves | Accompanied by 5 allies 3108 | -6/Proximity Caves | Attracted the attention of an 0b10 outpost 3527 | -6/Proximity Caves | Spotted B-75 Beast 3529 | -6/Proximity Caves | Core integrity fell below 50% 3616 | -6/Proximity Caves | Lost 3 parts (1n2w) 3640 | -6/Proximity Caves | Core integrity fell below 20% 3650 | -6/Proximity Caves | Destroyed by S-27 Virus with Autogun Last Messages --------------- 03577_ Prc. Grenade Launcher destroyed. 03581_ Mace fries itself beyond repair. 03581_ Lgt. Angular Momentum Engine self-destruct mechanism malfunctions. 03585_ Imp. Medium Treads destroyed. 03595_ G-50 Soldier destroyed. 03605_ Carbon-fiber Leg fries itself beyond repair. 03611_ Acquired 33 matter. 03618_ C-30 ARC bursts open, deploying its payload. 03618_ S-27 Virus unfolds itself. 03620_ Destroyed VTOL Module. 03626_ S-27 Virus destroyed. 03628_ Plasma Cannon destroyed. 03631_ Adv. Treads destroyed. 03637_ Arm. Treads destroyed. 03639_ Hvy. Riot Gun destroyed. 03640_ Angular Momentum Engine destroyed. 03642_ S-27 Virus knocked back. 03646_ S-27 Virus misfires. 03649_ Imp. Sensor Array destroyed. Map ----- +----------------------------------------------------+ | ?????????????????????????????????????????????????? | | ?????????????????????????????????????????????????? | | ?????????????????????????????????????????????????? | | ?????????????????????????????????????????????????? | | ?????????????????????????????????????????????????? | | ?????????????????????????????????????????????????? | | ?????????????????????????????????????????????????? | | ?????????????????????????????????????????????????? | | ?????????????????????????????????????????????????? | | ?????????????????????????????????????????????????? | | ????????????????????????????????????????####?????? | | ?????????????????????????????#########??# ?????? | | ????????????????????????????## %! #### #?????? | | ????????????????????????????# ## ##????? | | ????#????## ???????????????# ## ## #????? | | ???? #??# # ###????????????# ## ## #????? | | ???? #? ###??????????## ### ## #????? | | ??? ? ########???## ### #??# ####?? | | ??? ? ##; ##?## ## #### ### | | ???? ?# ## ### ## # | | ?? ## s # %/ | | ???? ## # ! #####% | | ????? ??#### ## ### ###### | | ?????# #?????## ## ##?##### ## | | ?????# #??????# ###??????##### ## % | | #?????# #??????# @ #????????????# ## | | #??#### #??????# ! ######???????????## ## | | #### ##?##### #????????????????# | | ## ### ss ################?# | | ## ## %%### | | ##### %## #############" "" | | ##???# ### #????????????# % | | #????# #?## #????????????#### | | ##????# ## ##??####???????????????## | | #?????## ### #????????????????????????# | | ##??????####?# ###??????????????????????? % | | #????????????# ##??????????????????????# * | | ????????????## #??????????????????????# | | ????????????# #??????????????????????### | | ???????????# #????????????????????????? ## | | ??????????# ### #??????????????????????????##? | | ????????# #??###????????????????????????????? | | ???????# ??????????????????????????????????? | | ???????# ??????????????????????????????????? | | ?????? ??????????????????????????????????? | | ????? ##??????????????????????????????????? | | ???? ### ????????????????????????????????????? | | ????#???## ????????????????????????????????????? | | ?????????### ????????????????????????????????????? | | ???????????#?????????????????????????????????????? | +----------------------------------------------------+ Best States ------------- Heat Dissipation 47 Energy Generation 18 Energy Capacity 300 Matter Stores 300 Matter Capacity 300 Sight Range 16 Robot Scan Range 13 Terrain Scan Density 10 Evasion (%) 53 Recoil Reduction 4 Item Schematics ----------------- Hvy. Riot Gun | -7/Zion | Free Battle Cannon | -7/Zion | Free Arc Thrower | -7/Zion | Free Robot Schematics ------------------ None Fabricated ------------ Nothing Alien Tech Used ----------------- None Achievements -------------- None Challenges ------------ None Game ------ Seed NetworkOverloadWell Manual? 0 Play Time 00:29:46 Cumulative 218.1 hours Start 2020.03.07 @ 16:39:33 End 2020.03.11 @ 22:52:59 Sessions 5 Manual Loads 0 Difficulty Rogue Special Mode None Game No. 348 Rogue 347 Adventurer 0 Explorer 1 Win Type - Total 1 Types 1/0/0/0/0/0/0 Lore% 60 Gallery% 77 Achievement% 50 Wizard Run 0 Options --------- ASCII 0 Keyboard 1 Movement Vi Keybinds 0 Fullscreen 1 Font 14/Cog Map View 72x52 Tactical HUD 1 Map Filters NONE Filters LOW_CONTRAST(13,24,33) Steam 0 RUN: 7b03c81f-a3dc-4e41-99a4-462a6532d26a